 Dungeon Crawl Stone Soup version 0.19-a0-1457-g32fba05 (console) character file.

2 Lasty the Stinger (level 1, 0/14 HPs)
             Began as a Demigod Venom Mage on Sept 7, 2016.
             Slain by a giant gecko (3 damage)
             ... on level 1 of the Dungeon.
             The game lasted 00:00:42 (98 turns).

Lasty the Stinger (Demigod Venom Mage)                Turns: 98, Time: 00:00:42

Health: 0/14       AC:  3    Str: 11    XL:     1   Next: 20%
Magic:  0/5        EV: 12    Int: 19    God:
Gold:   0          SH:  0    Dex: 16    Spells: 1 memorised, 2 levels left

rFire  . . .     SeeInvis .     e - +0 hand axe
rCold  . . .     Gourm    .     a - +0 robe
rNeg   . . .     Faith    .     (no shield)
rPois  .         Spirit   .     (no helmet)
rElec  .         Dismiss  .     (no cloak)
rCorr  .         Reflect  .     d - +0 pair of gloves
MR     .....     Harm     .     (no boots)
Stlth  ++........               (no amulet)
                                (no ring)
                                (no ring)

@: very slightly contaminated
A: high mp 1
a: no special abilities


You were on level 1 of the Dungeon.
You were not hungry.

You visited 1 branch of the dungeon, and saw 1 of its levels.


Innate Abilities, Weirdness & Mutations

You have an increased reservoir of magic. (+10% MP)


   Skills:
 - Level 1.7 Dodging
 - Level 1.7 Stealth
 - Level 1.7 Spellcasting
 + Level 0.5 Conjurations
 - Level 3.6 Poison Magic


You had 2 spell levels left.
You knew the following spells:

 Your Spells              Type           Power        Failure   Level  Hunger
a - Sting                 Conj/Pois      #...         10%         1    #......

Inventory:

Hand Weapons
 e - a +0 hand axe (weapon)
Armour
 a - a +0 robe (worn)
 d - a +0 pair of gloves (worn)
Books
 b - a Young Poisoner's Handbook

   Spells                             Type                      Level
   a - Sting                          Conjuration/Poison           1
   b - Mephitic Cloud                 Conjuration/Poison/Air       3
   c - Olgreb's Toxic Radiance        Poison                       4
   d - Alistair's Intoxication        Transmutation/Poison         5
   e - Venom Bolt                     Conjuration/Poison           5
Comestibles
 c - a bread ration {!e}


Message History

Aim: a giant gecko You miscast Sting.
You are very lightly contaminated with residual magic.
Nothing appears to happen.
Aiming: Sting
Aim: a giant gecko You miscast Sting.
Strange energies run through your body.
Aiming: Sting
Aim: a giant gecko The sting misses the giant gecko.
The giant gecko misses you.
Aiming: Sting
Aim: a giant gecko The sting hits the giant gecko.
The giant gecko is moderately wounded.
The giant gecko bites you.
You take 2 damage.
Unknown command.
You closely miss the giant gecko.
The giant gecko is moderately wounded.
The giant gecko closely misses you. The giant gecko bites you.
You take 1 damage.
You barely miss the giant gecko.
The giant gecko is moderately wounded.
The giant gecko bites you.
* * * LOW HITPOINT WARNING * * *
You take 4 damage.
The giant gecko bites you.
* * * LOW HITPOINT WARNING * * *
You take 2 damage.
The giant gecko closely misses you.
Aiming: Sting
Aim: a giant gecko (moderately wounded, clinging)
The sting hits the giant gecko.
The giant gecko appears unharmed.
The giant gecko is moderately wounded.
The giant gecko bites you.
* * * LOW HITPOINT WARNING * * *
You take 2 damage.
Unknown command.
The giant gecko completely misses you.
You aren't carrying any potions.
Unknown command.
The giant gecko bites you but does no damage.
You see here a rat corpse.
Aiming: Sting
Aim: a giant gecko (moderately wounded, clinging)
The sting hits the giant gecko.
The giant gecko is heavily wounded.
The giant gecko bites you.
You die...

#..........+ #.#
#..........######.# #######
#.................###.....#
####.#......#.............#
#.#.###..#..♣♣♣♣♣♣♣♣♣..#
#.#.###..#.♣..PP..PP♣..#
#.#......#.♣...P..PP♣..#
#.#####.##.♣P...PP..♣..##
#......l@..♣PP...P..♣....
#########..♣..P.<.PP♣..##
#..♣..PP...P♣..#
#..♣PP..P...♣..#
#..♣PP..PP..♣..#
#..♣♣♣♣♣♣♣♣♣...# #..$
..........# #...
..........# ###########


You could see a giant gecko.

Vanquished Creatures
  A giant cockroach (D:1)
  A rat (D:1)
2 creatures vanquished.

Notes
Turn   | Place    | Note
-------+----------+-------------------------------------------
     0 | D:1      | Lasty the Demigod Venom Mage began the quest for the Orb.
     0 | D:1      | Reached XP level 1. HP: 14/14 MP: 5/5
    88 | D:1      | HP: 3/14 [giant gecko (2)]
    98 | D:1      | Slain by a giant gecko

Vault maps used:
D:1:      scummos_arrival_checkerplants, hangedman_abyss_or_decor_lesser_grid

Action                   || total
-------------------------++-------
Melee: Hand axe          ||     2
 Cast: Sting             ||     7
Armor: Robe              ||     1
Dodge: Dodged            ||     4
